 Dungeon Crawl Stone Soup version 0.24.0-13-gcf9b3192b9 (console) character file.

Game seed: 12983946420823542792, levelgen mode: deterministic

93 AlterAsc the Charmwright (level 4, 0/34 HPs)
             Began as a Vampire Skald on Nov 10, 2019.
             Slain by Terence
             ... wielding a +0 hand axe
              (1 damage)
             ... on level 3 of the Dungeon.
             The game lasted 00:04:57 (1721 turns).

AlterAsc the Charmwright (Vampire Skald)            Turns: 1721, Time: 00:04:58

Health: 0/34       AC:  3    Str: 11    XL:     4   Next: 37%
Magic:  7/7        EV: 12    Int: 15    God:
Gold:   70         SH:  0    Dex: 13    Spells: 5/8 levels left

rFire    . . .     SeeInvis +   k - +0 rapier
rCold    . . .     Gourm    .   (no shield)
rNeg     . . .     Faith    .   b - +0 leather armour
rPois    .         Spirit   .   (no helmet)
rElec    .         Reflect  .   (no cloak)
rCorr    .         Harm     .   (no gloves)
MR       .....                  (no boots)
Stlth    +.........             (no amulet)
HPRegen  0.31/turn              (no ring)
MPRegen  0.10/turn              (no ring)

@: singing (expiring), regenerating quickly
A: no food, fangs 3, see invisible, unbreathing
a: Exsanguinate


You were on level 3 of the Dungeon.
You were alive.

You visited 1 branch of the dungeon, and saw 3 of its levels.

You collected 70 gold pieces.

Inventory:

Hand Weapons
 a - a +0 short sword
 k - a +0 rapier (weapon)
Armour
 b - a +0 leather armour (worn)
 e - a +0 ring mail
 j - a +2 buckler
Jewellery
 g - an uncursed ring of ice
Scrolls
 c - a scroll of magic mapping {unknown}
 h - 2 scrolls of blinking {unknown}
 i - a scroll of teleportation {unknown}
 m - a scroll of remove curse {unknown}
 n - a scroll of identify {unknown}
Potions
 d - 4 potions of curing {unknown}
 f - a potion of flight {unknown}
 l - a potion of degeneration {unknown}
 o - a potion of cancellation {unknown}


   Skills:
 + Level 2.3 Fighting
 * Level 3.5 Short Blades
 - Level 1.0 Armour
 - Level 2.3 Dodging
 + Level 2.5 Spellcasting
 + Level 3.8 Charms


You had 5 spell levels left.
You knew the following spells:

 Your Spells              Type           Power        Failure   Level  Hunger
a - Infusion              Chrm           ##..         5%          1    N/A
b - Song of Slaying       Chrm           ##......     9%          2    N/A

Your spell library contained the following spells:

 Spells                   Type           Power        Failure   Level  Hunger
 Shroud of Golubria       Chrm/Tloc      #.....       19%         2    N/A
 Regeneration             Chrm/Necr      #.........   36%         3    N/A
 Spectral Weapon          Hex/Chrm       #.......     36%         3    N/A

Dungeon Overview and Level Annotations

Branches:
Dungeon (3/15)

Altars:
Wu Jian

Annotations:
D:3 Terence


Innate Abilities, Weirdness & Mutations

You do not eat.
Your natural rate of healing is unusually fast.
You have razor-sharp teeth.
You have supernaturally acute eyesight. (SInv)
You can survive without breathing.


Message History

The kobold closely misses you.
You hit Terence.
Terence is severely wounded.
Terence hits you but does no damage. The kobold hits you.
* * * LOW HITPOINT WARNING * * *
You hit Terence.
Terence is severely wounded.
Terence closely misses you. The kobold hits you.
* * * LOW HITPOINT WARNING * * *
Terence hits you with a +0 hand axe.
* * * LOW HITPOINT WARNING * * *
You hit Terence. Your bite misses Terence.
Terence is almost dead.
Your song is almost over.
Terence hits you but does no damage. The kobold hits you but does no damage.
You barely miss Terence.
Terence is almost dead.
Terence screams, "I want your blood!" Terence hits you with a +0 hand axe.
You die...

#...............### ...
#.....†......##...##...
#######.........>.....
###.............
#.##.......#
#.##......##
#.##......#
##.##......#
#..##....@)#
#.###....K@...... #†#
##.....##.... ##.#
####### ... #..# ## ..
#.###.# ####.....#
#.......## #....<..#


You could see Terence and a kobold.

Vanquished Creatures
  3 adders
  3 dart slugs (D:1)
  3 leopard geckos
  5 giant cockroaches
  2 hobgoblins
  4 jackals (D:1)
  2 kobolds (D:2)
  A quokka (D:3)
  A ball python (D:1)
  10 bats
  7 frilled lizards
  8 goblins
  8 rats
57 creatures vanquished.

Notes
Turn   | Place    | Note
-------+----------+-------------------------------------------
     0 | D:1      | AlterAsc the Vampire Skald began the quest for the Orb.
     0 | D:1      | Reached XP level 1. HP: 16/16 MP: 3/3
    98 | D:1      | Reached skill level 1 in Armour
   119 | D:1      | Reached XP level 2. HP: 22/22 MP: 5/5
   128 | D:1      | Learned a level 2 spell: Song of Slaying
   465 | D:1      | Reached XP level 3. HP: 16/27 MP: 6/6
  1443 | D:2      | Reached XP level 4. HP: 31/33 MP: 7/7
  1483 | D:2      | Found an ornate altar of the Wu Jian Council.
  1704 | D:3      | Noticed Terence
  1719 | D:3      | HP: 1/34 [Terence/+0 hand axe (5)]
  1721 | D:3      | Slain by Terence

Levels and vault maps discovered:
D:1:      dpeg_arrival_subterranean_lakeside_camping, layout_loops_ring,
          minmay_misc_feat_tiny
D:2:      layout_basic, lemuel_coloured_pillars_altar, first_ration,
          wad_floor_pattern_untrapped
D:3:      layout_rooms, ebering_ghost_rock_garden, uniq_ijyb, uniq_terence,
          uniq_grinder

Skill      XL: |  1  2  3 |
---------------+----------+-----
Armour         | 1 |  1.0
Fighting       | 2 |  2.3
Short Blades   | 3 |  3.5
Dodging        | |  2.3
Spellcasting   | |  2.5
Charms         | |  3.8

Action                   |  1- 3 |  4- 6 || total
-------------------------+-------+-------++-------
Melee: Short sword       |   182 |       ||   182
       Bite              |    10 |     1 ||    11
       Rapier            |    21 |    49 ||    70
 Cast: Song of Slaying   |     2 |     2 ||     4
 Stab: Sleeping          |     1 |     1 ||     2
Armor: Leather armour    |    77 |    16 ||    93
Dodge: Dodged            |   180 |    37 ||   217
